AoeStats
← Sir Knight 999

Black Forest

509540928Analyzed
3v3 RM · 4d ago on Sep 27, 2026· 27m 47s· 6 players
Game mode
Random Map
Map size
Normal (6 player)
Population
200
Speed
Normal
Resources
Standard
Victory
Conquest
Starting age
Dark Age
Ending age
Imperial Age
RankedLock teamsTeams togetherTeam positionsShared explorationLock speedFull tech treeHidden civsTurbo modeCheats
Victory
Defeat
🇺🇸 Khmer · United States
791
+7
🇺🇸 Celts · United States
676
+11
🇺🇸 Huns · United States
673
+23
🇺🇸 Teutons · United States
621
-12
🇺🇸 Malay · United States
617
-11
🇲🇽 Huns · Mexico
465
-6
K1NGlogman
Twixxo
1:36 Loom
LiguarSan
17:41 Feudal Age
17:46 Loom
17:56 Loom
25:54 Double-Bit Axe
25:52 Horse Collar
Sir Knight3704
2:21 Loom
27:37 Feudal Age
JP Captain
0:28 Loom
14:10 Feudal Age
14:37 Man-at-Arms
19:38 Stone Mining
25:27 Castle Age
24:33 Horse Collar
Sir Knight 999
0:30 Loom
16:20 Feudal Age
22:13 Castle Age
24:22 Fletching
24:57 Bodkin Arrow
26:41 Scale Barding Armor
26:44 Husbandry
Connection lost

Rejoining the realm…

Still unreachable

The connection could not be restored.

Session expired

The server has moved on; the page needs a fresh start.